[Event "FIDE Zonal 4-2 Open 2023"]
[Site "Dimbroko"]
[Date "2023.03.31"]
[Round "9.7"]
[White "Bobby Ballah"]
[Black "David Leroy Debblay"]
[Result "1-0"]
[ECO "C17"]
[WhiteElo "1914"]
[BlackElo "1823"]
[Annotator "TA"]
[PlyCount "133"]
[EventDate "2023.03.25"]
[EventType "swiss"]
[EventCountry "IVO"]
[SourceTitle "playchess.com"]
[Source "ChessBase"]
[SourceQuality "1"]
[TimeControl "40/5400+30:1800+30"]

1. e4 e6 2. d4 d5 3. Nc3 Bb4 4. e5 c5 5. Qg4 Ne7 (5... cxd4 $2 6. Qxg7 dxc3 7. b3 $18 (7. Qxh8 $2 cxb2+ {[%mdl 64] Discovered Attack} 8. Kd1 bxa1=Q $19)) 6. Bd2 {[%emt 0:03:34] C17: French: 3 Nc3 Bb4 4 e5 c5 sidelines.} (6. Qxg7 Rg8 7. Qxh7 (7. Bb5+ $2 Bd7 $19) 7... cxd4 $17) (6. dxc5 $11 {keeps the balance.} Nbc6 7. Bd2 (7. Qxg7 Rg8 $17)) 6... cxd4 $1 $17 7. Qxd4 (7. Qxg7 $2 Rg8 8. Qxh7 (8. Bb5+ $2 Bd7 $19) 8... dxc3 9. bxc3 Qc7 $19) (7. Bb5+ Nbc6 8. Qxd4 O-O) 7... Nbc6 8. Bb5 ({White should play} 8. Qg4 $15) 8... Bd7 (8... O-O $19 9. Qh4 Qb6) 9. Bxc6 $15 Nxc6 10. Qg4 {[%emt 1:28:21] [#]} Bxc3 $146 (10... Nxe5 $2 11. Qxb4 Nc4 12. Nf3 $18) ({Predecessor:} 10... Qc7 11. Nf3 Bxc3 12. Bxc3 O-O 13. O-O Ne7 14. Rad1 Ng6 15. Rfe1 a5 16. Re3 Ra6 {1-0 Beinenson,K (1985)-Aleshko,M (1405) BLR-chB (Women) 2020 (1)}) 11. Bxc3 O-O 12. Nf3 Ne7 {[%emt 0:00:00] Black is weak on the dark squares} 13. O-O Ng6 14. h4 h6 15. Bd2 (15. Bb4 $11) 15... Kh7 (15... Rc8 $1 $15) 16. Qh5 Qc7 17. Rac1 f6 18. exf6 (18. Rfe1 $14) 18... Rxf6 $11 {[%emt 0:00:00] Black wants to play ...Raf8.} 19. Bc3 {[%emt 0:00:00] Ng5+ is the strong threat.} Nf4 20. Be5 $1 Nxh5 21. Bxc7 Bc6 22. Rfe1 Re8 23. Rcd1 Nf4 24. Bxf4 Rxf4 25. Re5 (25. Re3 $14) 25... Kg6 26. Rde1 Kf6 27. c3 Rf5 28. Rxf5+ (28. R5e3 $14) 28... Kxf5 $14 {[%emt 0:00:00][%mdl 4096] Endgame KRB-KRN} 29. Ne5 g5 30. hxg5 hxg5 31. f3 a5 32. b3 Rd8 33. Kf2 d4 ({Black should try} 33... a4 $14) 34. g4+ (34. Nf7 $16 Rd7 35. Nh6+ Kf6 36. c4 (36. Ng4+ Ke7 $16)) 34... Kf6 $11 35. Nxc6 bxc6 36. cxd4 Rxd4 {[%emt 0:00:00] KR-KR} 37. Re2 (37. Ke3 $5 Rf4 38. Rc1 $14) 37... a4 38. Ke3 e5 39. Rc2 axb3 40. Rxc6+ Kf7 41. axb3 Rd1 $2 (41... Rb4 $16 {was necessary.}) 42. b4 $2 (42. Ke4) 42... Rb1 (42... Rd5 $142 43. Rc5 Rd4 44. Rxe5 (44. b5 Ke6 $16) 44... Rxb4 45. Rxg5 Rb3+ 46. Kf2 Rb2+ 47. Kg3 Rb3 48. Rf5+ Kg6) 43. Rb6 $18 Ke7 44. Ke4 Re1+ 45. Kf5 Re3 46. Kxg5 $2 (46. Re6+ $18 Kf7 47. Rxe5 Rxf3+ 48. Kxg5) 46... Rxf3 $11 47. Rb5 Re3 (47... Ke6 $11) 48. Kf5 Kd6 49. g5 $1 {[%emt 0:00:00] And now g6 would win.} Rf3+ {[%emt 0:00:00] [#]} 50. Kg4 $1 e4 {[%emt 0:00:00] [#]} (50... Rf2 $18 51. Rb8 Rg2+ 52. Kf5 e4) 51. g6 (51. Rb8 $1 $16 ) 51... Rf8 {[%emt 0:00:00][%mdl 8192] White now steadily converts the win.} (51... Rf1 $11) 52. g7 Rg8 53. Rg5 Ke7 54. Kf4 Kf7 55. Kxe4 Re8+ 56. Kd5 Kg8 57. b5 Rc8 58. b6 Rc1 59. b7 Rb1 60. Kc6 Rc1+ 61. Kb6 Rb1+ 62. Kc7 Rc1+ 63. Kb8 Re1 64. Kc7 (64. Rg6 $142 Rb1 65. Rg5 Re1 66. Ka7 Ra1+ 67. Kb6 Rb1+ 68. Rb5 Rxb5+ 69. Kxb5) 64... Rc1+ $18 65. Kb6 (65. Rc5 $18 Rxc5+ 66. Kb6) 65... Rb1+ 66. Rb5 Rxb5+ 67. Kxb5 {[%emt 0:00:00] Weighted Error Value: White=0.27 (precise) /Black=0.40} 1-0

[Event "FIDE Zonal 4-2 Open 2023"]
[Site "Dimbroko"]
[Date "2023.03.31"]
[Round "9.8"]
[White "De Gondo, Simplice Armel"]
[Black "Harold Evans"]
[Result "1-0"]
[ECO "A10"]
[WhiteElo "2086"]
[BlackElo "1714"]
[Annotator "TA"]
[PlyCount "57"]
[EventDate "2023.03.25"]
[EventType "swiss"]
[EventCountry "IVO"]
[SourceTitle "playchess.com"]
[Source "ChessBase"]
[SourceQuality "1"]
[TimeControl "40/5400+30:1800+30"]

1. c4 d5 2. cxd5 Qxd5 3. Nc3 Qh5 4. Qb3 c6 {[%emt 0:00:28] [#]} 5. d4 $146 ({Predecessor:} 5. Nf3 g6 6. e3 Bg7 7. Be2 Nh6 8. d4 Qg4 9. h3 Qe6 10. d5 Bxc3+ 11. Qxc3 {1-0 Chapman,P (1655)-Brenton,R Torquay Bloodworth op 2019 (5)}) 5... e6 ({Better is} 5... e5 $14) 6. Bf4 {[%emt 0:00:11] A10: English Opening: Unusual Replies for Black.} (6. Nf3 $142) 6... Nf6 7. e4 Be7 (7... Nbd7 $142) 8. Be2 ({White should play} 8. Nf3) 8... Qg6 $16 9. Bf3 {[%emt 0:00:28] White is more active.} O-O 10. Nge2 b6 {[%emt 0:01:34] [#]} (10... Nbd7 $16) 11. Be3 ({White should try} 11. h4 $1 $18 {[%cal Rh4h5] Threatens to win with h5.} h6 12. g4) 11... h6 (11... e5 $16) 12. Nf4 $36 {[%emt 0:00:33][%mdl 2048] White is on the roll.} Qh7 13. e5 Nd5 (13... Ne8 $16 14. Be4 g6) 14. Be4 g6 15. Nfxd5 exd5 {[%emt 0:03:13] [#]} 16. Nxd5 cxd5 17. Qxd5 (17. Bxd5 Be6 $16) 17... Bb4+ 18. Bd2 Bxd2+ 19. Kxd2 Nc6 20. Qxc6 Be6 21. Qa4 (21. Qxa8 Rxa8 22. Bxa8 f6 $16) 21... Rad8 22. Ke3 (22. Qxa7 $2 Rxd4+ 23. Ke2 (23. Ke3 $2 Rxe4+ {[%mdl 64] Remove Defender} 24. Kxe4 f5+ {[%mdl 64] Discovered Attack} 25. exf6 Qxa7 $19) 23... Rxe4+ 24. Kf1 Qg7 $19) (22. Rhd1 $16) 22... h5 $2 (22... f6 $1 $14) 23. f4 (23. Qxa7 $6 Qh6+ 24. f4 Rxd4) 23... Qh6 24. h4 ({Don't take} 24. Qxa7 $6 Rxd4 25. Rhd1 (25. Kxd4 $2 Qxf4 26. Qe7 Qd2+ 27. Bd3 Qf2+ 28. Ke4 Bf5+ {[%mdl 64] Skewer, Deflection} 29. Kd5 Bxd3 $19) 25... Rb4 $16) 24... f6 {[%emt 0:00:00] Strongly threatening ...fxe5.} 25. g3 (25. Qxa7 $2 fxe5 26. Raf1 Rxf4 $19) 25... g5 $2 (25... Qg7 26. Qc6 Rfe8) 26. hxg5 {[%emt 0:00:00] White is clearly winning.} ({Worse is} 26. Qxa7 gxf4+ 27. gxf4 fxe5 $17) 26... fxg5 27. Raf1 (27. Qxa7 $2 {perishes.} gxf4+ 28. Kd3 fxg3 $19) 27... Rf7 28. Qc6 Re7 29. d5 {[%emt 0:00:00] Weighted Error Value: White=0.21 (precise) /Black=0.70} 1-0

[Event "FIDE Zonal 4-2 Open 2023"]
[Site "Dimbroko"]
[Date "2023.03.31"]
[Round "9.9"]
[White "Foday W. Kondoh"]
[Black "KONAN KOUASSI AUGUSTIN"]
[Result "1-0"]
[ECO "A05"]
[WhiteElo "1727"]
[BlackElo "1775"]
[Annotator "NA RC COMBH"]
[PlyCount "101"]
[EventDate "2023.03.25"]
[EventType "swiss"]
[EventCountry "IVO"]
[SourceTitle "playchess.com"]
[Source "ChessBase"]
[SourceQuality "1"]
[TimeControl "40/5400+30:1800+30"]

1. Nf3 e6 2. b3 c5 3. Bb2 Nc6 4. e3 Nf6 5. Nc3 b6 6. d4 cxd4 7. Nxd4 Nb4 8. Bc4 Bb7 9. O-O Be7 10. Qe2 O-O 11. a3 Nc6 12. Rad1 Qc8 13. Nf3 h6 14. Rd2 a6 15. b4 b5 16. Ba2 Qc7 17. h3 Ne5 18. Nxe5 Qxe5 19. f3 d5 20. Nd1 Qg3 21. Qf2 Qg6 22. Be5 Nh7 23. Bb1 f5 24. Nb2 Ng5 25. Qg3 Qf7 26. Nd3 Bd8 27. h4 Nh7 28. Nc5 Nf6 29. Bd6 Nh5 30. Qh2 Re8 31. g4 Nf6 32. g5 Nh5 33. gxh6 g6 34. Rg2 Bc6 35. Nd3 Bf6 36. Ne5 Bxe5 37. Bxe5 Kh7 38. c3 Kxh6 39. Rg5 Rg8 40. Kg2 a5 41. Kh3 axb4 42. axb4 Qa7 43. Bd4 Qb8 44. Be5 Qb7 45. Rfg1 Be8 46. Rxh5+ Kxh5 47. Qf4 Qe7 48. Rg5+ Kh6 49. Rxf5+ g5 50. Rf6+ Bg6 51. Qxg5+ 1-0

[Event "FIDE Zonal 4-2 Open 2023"]
[Site "Dimbroko"]
[Date "2023.03.31"]
[Round "9.11"]
[White "Semeko, Lumen Paco"]
[Black "Joel O. Ebiekuta"]
[Result "0-1"]
[ECO "A06"]
[WhiteElo "1483"]
[BlackElo "1855"]
[Annotator "NA RC COMBH"]
[PlyCount "96"]
[EventDate "2023.03.25"]
[EventType "swiss"]
[EventCountry "IVO"]
[SourceTitle "playchess.com"]
[Source "ChessBase"]
[SourceQuality "1"]
[TimeControl "40/5400+30:1800+30"]

1. b3 Nf6 2. Bb2 d5 3. Nf3 c5 4. e3 Nc6 5. Bb5 g6 6. h3 ({White should try} 6. Nc3 $14) 6... Bg7 7. c4 dxc4 8. Bxc6+ bxc6 9. bxc4 Qd3 10. Qb3 Qd6 (10... Bf5 $11) 11. Nc3 ({White should try} 11. Be5 $16 Qd8 12. d3) 11... O-O 12. O-O (12. Na4 $5 ) 12... Rd8 (12... Rb8 $11 13. Qa3 Nh5) 13. Na4 Rb8 {[%emt 0:04:05] [#]} 14. Be5 Rxb3 15. Bxd6 Ra3 16. Bxe7 Re8 17. Bxf6 Bxf6 18. Nc3 Bf5 19. Rac1 Bd3 20. Rfd1 Rb8 21. Ne1 $1 Bf5 22. d4 $2 (22. g4 $11 Be6 23. Ne4) 22... cxd4 23. exd4 Bg5 24. d5 Bxc1 25. Rxc1 cxd5 26. Nxd5 Be6 27. Nf4 Rxa2 28. Nxe6 fxe6 29. c5 Rc8 30. Nd3 Kf8 31. c6 Ke7 32. Ne5 a5 33. Rb1 Rc7 34. Rb8 g5 35. g3 a4 36. f4 gxf4 37. gxf4 Kd6 38. Rd8+ Kc5 39. Nd3+ Kb6 40. Ne5 Rc2 41. Rb8+ Ka6 42. Nd3 R2xc6 43. Nb4+ Ka5 44. Nxc6+ Rxc6 45. Rh8 a3 46. Rd8 a2 47. Rd1 Rc2 48. h4 Rb2 0-1